 Dungeon Sprint DCSS version 0.30.1-4-g462c640d31 (webtiles) character file.

Game seed: 12429813554620314977

606 Heoruswealwe the Trooper (level 6, -5/61 HPs)
             Began as a Demigod Fighter on Aug 16, 2023.
             Blown up by Sonja (20 damage)
             ... with a mindburst bolt
             ... in the Dungeon (Sprint I: "Red Sonja").
             The game lasted 00:03:20 (265 turns).

Heoruswealwe the Trooper (Demigod Fighter)           Turns: 265, Time: 00:03:21

Health: -5/61      AC:  8    Str: 25    XL:     6   Next: 98%
Magic:  8/8        EV:  9    Int: 10    God:
Gold:   405        SH:  6    Dex: 13    Spells: 5/5 levels left

rFire   . . .        a - +0 war axe
rCold   . . .        d - +0 buckler
rNeg    . . .        c - +0 scale mail
rPois   .            (no helmet)
rElec   .            (no cloak)
rCorr   .            (no gloves)
SInv    .            (no boots)
Will    .....        (no amulet) Stlth
                     (no ring)
HPRegen 0.30/turn    (no ring)
MPRegen 0.11/turn

%: no teleportation
@: no status effects
A: high MP 1, forlorn, divine attributes
a: no special abilities


You were in the Dungeon.
You visited 1 branch You collected 405 gold pieces.

Inventory:

Hand Weapons
 a - a +0 war axe (weapon)
Armour
 c - a +0 scale mail (worn)
 d - a +0 buckler (worn)
Wands
 b - a wand of charming (2)
Scrolls
 e - a scroll of magic mapping {unknown}
 j - a scroll of blinking
Potions
 h - 2 potions of magic
 i - a potion of berserk rage


   Skills:
 + Level 7.7 Fighting
 + Level 7.4 Axes
 + Level 7.7 Armour
 + Level 7.7 Shields


You had 5 spell levels left.
You didn't know any spells.
Your spell library was empty.

Dungeon Overview and Level Annotations

Branches:
Dungeon (1/1)

Shops:
D :

Annotations:
D Sonja


Innate Abilities, Weirdness & Mutations

You have an increased reservoir of magic. (+10% MP)
You shall have no god before yourself.
Your divine heritage dramatically boosts your attributes as you level up.


Message History

You hit the yak but do no damage.
The yak is moderately wounded.
The yak closely misses you.
You closely miss the yak.
The yak is moderately wounded.
The yak gores you.
You slash the yak!
The yak is heavily wounded.
The yak gores you but does no damage.
You barely miss the yak.
The yak is heavily wounded.
The yak gores you. The yak gores you but does no damage.
You slash the yak!
The yak is almost dead.
The yak barely misses you.
You barely miss the yak.
The yak is almost dead.
You block the yak's attack.
You slash the yak!
You kill the yak!
Your Axes skill increases to level 7!
Found an opulent altar of Gozag.
There is an open door, spattered with blood here.
Found a sparkling altar of Nemelex Xobeh.
There is an entrance to Ubroph's Book Emporium here.
There is an open door, spattered with blood here.
As you open the door, it creaks loudly!
Sonja, the Graceful Assassin comes into view.
She is wielding a +1 short sword of distortion, quivering curare-tipped darts and carrying a wand of mindburst (15).
Sonja shouts!
Found 108 gold pieces.
You close the door.
Sonja opens the door.
You block Sonja's attack.
Sonja hits you with a +1 short sword of distortion.
Space warps horribly around you!!
Sonja hits you with a +1 short sword of distortion.
Space warps horribly around you!
* * * LOW HITPOINT WARNING * * *
There is an open door here.
You closely miss Sonja.
Sonja zaps a wand.
Your mind is blasted!
You die...

#<.#.))..#.)'..#__#..+
#..'..#..'..#..'..'..#
#..#####'#####'#__####
#..####..#...#[####
#..#__####..##.#
#..#_____##'#_.+
#⌠⌠#_.∩...'..._#
####_..__##_.#+#
#_____###@# #######
#K# $.$ #$.$# ##.##
#+#


You could see Sonja.

Vanquished Creatures
  A slime creature (D)
  Sigmund (D)
  A yak (D)
  An ogre (D)
  A jelly (D)
  Ijyb (D)
6 creatures vanquished.

Notes
Turn   | Place    | Note
-------+----------+-------------------------------------------
     0 | D        | Heoruswealwe the Demigod Fighter began the quest for the
                  | Orb.
     0 | D        | Reached XP level 1. HP: 18/18 MP: 3/3
     3 | D        | Noticed Ijyb
    41 | D        | Killed Ijyb
    42 | D        | Reached XP level 2. HP: 26/27 MP: 4/4
    44 | D        | Noticed an ogre
    50 | D        | Killed an ogre
    51 | D        | Reached XP level 3. HP: 19/35 MP: 5/5
    51 | D        | Reached XP level 4. HP: 23/41 MP: 6/6
    54 | D        | Noticed Sigmund
    60 | D        | Killed Sigmund
    61 | D        | Reached skill level 5 in Axes
    61 | D        | Reached XP level 5. HP: 19/50 MP: 7/7
   204 | D        | Noticed a slime creature
   213 | D        | Killed a slime creature
   214 | D        | Reached XP level 6. HP: 56/60 MP: 8/8
   241 | D        | Found Ubroph's Book Emporium.
   241 | D        | Noticed a yak
   250 | D        | Killed a yak
   262 | D        | Noticed Sonja
   265 | D        | Blown up by Sonja

Illustrated notes

Levels and vault maps discovered:
D:        dungeon_sprint_1 [red_sonja_temple_1, red_sonja_temple_small_1]

Skill      XL: |  1  2  3  4  5  6 |
---------------+-------------------+-----
Fighting       | 3 4 6 7 |  7.7
Axes           | 3 4 5 6 7 |  7.4
Armour         | 3 4 6 7 |  7.7
Shields        | 3 4 6 7 |  7.7

Action                     |  1- 3 |  4- 6 || total
---------------------------+-------+-------++-------
  Melee: War axe           |    24 |    25 ||    49
    Use: Potion            |     3 |     1 ||     4
 Armour: Scale mail        |     3 |     3 ||     6
  Dodge: Dodged            |    13 |     7 ||    20
  Block: Buckler           |     1 |     7 ||     8
